 Dungeon Crawl Stone Soup version 0.21.0-34-g9234887 (webtiles) character file.

3315 tidbits the Magician (level 10, -2/77 HPs)
             Began as a Gnoll Skald on Jan 29, 2018.
             Was an Initiate of Cheibriados.
             Slain by a skeletal warrior
             ... wielding a +0 war axe
              (7 damage)
             ... on level 8 of the Dungeon.
             The game lasted 00:21:02 (2341 turns).

tidbits the Magician (Gnoll Skald)                  Turns: 2341, Time: 00:21:02

Health: -2/77      AC:  9    Str: 20    XL:     10   Next: 1%
Magic:  13/20      EV: 21    Int: 19    God:    Cheibriados [......]
Gold:   207        SH:  0    Dex: 21    Spells: 4/23 levels left

rFire    + . .     SeeInvis +   Q - +0 battleaxe (curse)
rCold    . . .     Gourm    .   (shield currently unavailable)
rNeg     . . .     Faith    .   B - +0 ring mail
rPois    .         Spirit   .   (no helmet)
rElec    .         Reflect  .   C - +2 cloak
rCorr    .         Harm     .   (no gloves)
MR       .....                  (no boots)
Stlth    ++++......             (no amulet)
HPRegen  0.22/turn              I - ring "Hiq Eck" {rF+ SInv}
MPRegen  0.17/turn              W - ring of wizardry

@: mighty, agile, very slow
A: distributed training, fangs 1, strong nose
a: Bend Time, Renounce Religion


You were on level 8 of the Dungeon.
You worshipped Cheibriados.
Cheibriados was noncommittal.
You were not hungry.

You visited 2 branches of the dungeon, and saw 11 of its levels.

You collected 207 gold pieces.

Inventory:

Hand Weapons
 a - a +0 war axe
 b - a +2 dagger of electrocution
   (You took it off a goblin on level 3 of the Dungeon)
 g - a +0 blowgun
 n - a +0 fustibalus
 q - a +0 hunting sling
 y - a +3 whip
 A - a +1 dagger of draining
   (You took it off Dowan on level 5 of the Dungeon)
 E - a +0 hand axe
 L - a +4 dire flail of holy wrath
   (You took it off Edmund on level 6 of the Dungeon)
 O - a +0 whip
 P - a +2 battleaxe
 Q - a cursed +0 battleaxe (weapon)
Missiles
 f - 3 curare-tipped needles
 j - 85 arrows
 x - 30 stones (quivered)
 z - 5 poisoned needles
 H - 2 tomahawks
Armour
 p - a +0 leather armour
 B - a +0 ring mail (worn)
 C - a +2 cloak (worn)
Jewellery
 I - the ring "Hiq Eck" (left hand) {rF+ SInv}
   (You found it on level 4 of the Dungeon)

   [ring of protection from fire]

   It protects you from fire.
   It lets you see invisible.
 K - an uncursed ring of resist corrosion
   (You found it on level 1 of the Dungeon)
 W - a ring of wizardry (right hand)
   (You found it on level 3 of the Dungeon)
Wands
 G - a wand of iceblast (9)
Scrolls
 e - a scroll of teleportation
 k - a scroll of fear {unknown}
 o - 2 scrolls of magic mapping {unknown}
 r - a scroll of remove curse
 t - a scroll of immolation {unknown}
 u - 2 scrolls of blinking
 v - a scroll of noise
 N - a scroll of amnesia
Potions
 h - a potion of resistance {unknown}
 i - a potion of lignification {unknown}
 l - 2 potions of flight {unknown}
 m - a potion of brilliance
 s - a potion of might
 w - a potion of ambrosia {unknown}
 D - 3 potions of curing
 F - a potion of berserk rage {unknown}
 J - a potion of agility
 M - a potion of heal wounds {unknown}
 S - a potion of haste {unknown}
Books
 d - a book of Battle

   Spells                             Type                      Level
   a - Infusion                       Charms                       1
   b - Shroud of Golubria             Charms/Translocation         2
   c - Song of Slaying                Charms                       2
   d - Spectral Weapon                Hexes/Charms                 3
   e - Regeneration                   Charms/Necromancy            3
 R - a book of Necromancy
   (You found it on level 8 of the Dungeon)

   Spells                             Type                      Level
   a - Pain                           Necromancy                   1
   b - Animate Skeleton               Necromancy                   1
   c - Vampiric Draining              Necromancy                   3
   d - Regeneration                   Charms/Necromancy            3
   e - Animate Dead                   Necromancy                   4
   f - Borgnjor's Vile Clutch         Necromancy/Earth             5
Comestibles
 c - 8 rations


   Skills:
 + Level 6.6 Fighting
 + Level 4.7 Short Blades
 + Level 4.7 Long Blades
 + Level 6.6 Axes
 + Level 4.7 Maces & Flails
 + Level 4.7 Polearms
 + Level 4.7 Staves
 + Level 4.7 Slings
 + Level 4.7 Bows
 + Level 4.7 Crossbows
 + Level 4.7 Throwing
 + Level 5.4 Armour
 + Level 6.6 Dodging
 + Level 4.7 Stealth
 + Level 4.7 Shields
 + Level 4.7 Unarmed Combat
 + Level 7.0 Spellcasting
 + Level 3.9 Conjurations
 + Level 3.9 Hexes
 + Level 6.8 Charms
 + Level 3.9 Summonings
 + Level 3.9 Necromancy
 + Level 3.9 Translocations
 + Level 3.9 Transmutations
 + Level 3.9 Fire Magic
 + Level 3.9 Ice Magic
 + Level 3.9 Air Magic
 + Level 3.9 Earth Magic
 + Level 3.9 Poison Magic
 + Level 5.2 Invocations
 + Level 4.7 Evocations


You had 4 spell levels left.
You knew the following spells:

 Your Spells              Type           Power        Failure   Level  Hunger
g - Shroud of Golubria    Chrm/Tloc      ####......   1%          2    None
r - Regeneration          Chrm/Necr      ####......   2%          3    #......
v - Borgnjor's Vile Clut  Necr/Erth      ###.......   32%         5    #####..
w - Spectral Weapon       Hex/Chrm       ####....     2%          3    #......
y - Song of Slaying       Chrm           ####....     1%          2    None
N - Animate Dead          Necr           N/A          13%         4    ###....


Dungeon Overview and Level Annotations

Branches:
Dungeon (10/15)            Temple (1/1) D:7            Lair (0/6) D:8
    Orc: D:9-12

Altars:
Ashenzari
Cheibriados
Dithmenos
Elyvilon
Fedhas
Gozag
Hepliaklqana
Kikubaaqudgha
Makhleb
Nemelex Xobeh
Okawaru
Qazlal
Sif Muna
Trog
Uskayaw
Vehumet
Wu Jian
Yredelemnul
The Shining One


Innate Abilities, Weirdness & Mutations

Your experience applies equally to all skills.
You have very sharp teeth.
Your uncanny sense of smell can sniff out nearby items.


Message History

o - 2 scrolls labeled WEGGAAFICA (gained 1)
Casting: Regeneration
Confirm with . or Enter, or press ? or * to list all spells.
Your skin crawls.
There is a stone staircase leading down here.
You climb downwards.
The orc warrior shouts!
You hear an angry hiss.
The two-headed ogre shouts in stereo!
There is a stone staircase leading up here.
Unknown command.
Found a yellow potion.
Your skin is crawling a little less now.
An orc and an orc warrior come into view.
You see here a yellow potion.
S - a yellow potion Your skin stops crawling.
An orc wizard comes into view. It is wielding an enchanted dagger.
Found 17 sling bullets.
There is a stone staircase leading up here.
You climb upwards.
There is a stone staircase leading down here.
Unknown command.
Okay, then.
There is a stone staircase leading up here.
You climb upwards.
A skeletal warrior comes into view. It is wielding a war axe.
Found 12 gold pieces.
Found a stone staircase leading down.
There is a stone staircase leading down here.
Casting: Regeneration
Confirm with . or Enter, or press ? or * to list all spells.
Space distorts slightly along a thin shroud covering your body.
An adder comes into view.
Casting: Shroud of Golubria
Confirm with . or Enter, or press ? or * to list all spells.
You draw out your weapon's spirit!
The adder hisses angrily.
A quasit and a skeletal warrior come into view.
The quasit gives a chilling moan.
Found a staircase to the Lair.
An ice beast comes into view.
You hit the skeletal warrior.
The skeletal warrior is lightly damaged.
Your spectral weapon closely misses the skeletal warrior.
The skeletal warrior misses you.
The skeletal warrior hits your spectral weapon with a war axe.
Your spectral weapon shares its damage with you!
A skeletal warrior comes into view. It is wielding a glaive.
You feel very mighty all of a sudden.
The skeletal warrior hits you with a war axe!
Your shroud falls apart!
The skeletal warrior closely misses your spectral weapon.
Unknown command.
You feel agile all of a sudden.
The skeletal warrior hits you with a war axe!
The skeletal warrior hits your spectral weapon with a war axe.
Your spectral weapon shares its damage with you!
The adder misses you.
An adder and a skeletal warrior come into view.
You closely miss the skeletal warrior.
The skeletal warrior is lightly damaged.
You barely miss the quasit. You slash the adder!
Your spectral weapon closely misses the skeletal warrior.
Your spectral weapon hits the adder!
You kill the adder!
Cheibriados appreciates the change of pace.
The quasit completely misses you.
The quasit claws you but does no damage.
The quasit completely misses you.
The skeletal warrior closely misses you.
The skeletal warrior closely misses your spectral weapon.
The quasit completely misses you.
The quasit claws you but does no damage.
The quasit barely misses you.
Unknown command.
You barely miss the skeletal warrior.
The skeletal warrior is lightly damaged.
You hit the skeletal warrior but do no damage.
You barely miss the quasit.
Your spectral weapon hits the skeletal warrior!!
The skeletal warrior hits you with a battleaxe!
* * * LOW HITPOINT WARNING * * *
The quasit bites you but does no damage.
The quasit completely misses you. The quasit barely misses you.
The skeletal warrior hits you but does no damage.
The skeletal warrior hits your spectral weapon but does no damage.
The ice beast barely misses you. The quasit barely misses you.
The quasit claws you but does no damage. x2
Okay, then.
The flow of time bends around you.
Cheibriados rebukes the ice beast.
The ice beast seems to slow down.
Cheibriados rebukes the quasit.
The quasit seems to slow down.
The skeletal warrior easily resists.
The skeletal warrior resists with some effort.
Your spectral weapon is unaffected.
You feel slightly more hungry.
The skeletal warrior hits you with a battleaxe!!
* * * LOW HITPOINT WARNING * * *
The skeletal warrior hits you with a war axe!
You die...

### ∆..# ∆ #
#.#
#.##(####...
#..S@zz.z...
#...Y5z#.....
.....###.##
.## ..## .##
. . .> .. ∆
...


You could see 4 skeletal warriors, an ice beast, a quasit, an adder and a
friendly spectral battleaxe.

Vanquished Creatures
  The ghost of Lathuz the Basher, a novice GrFi of Okawaru (D:8)
  A deep elf mage (D:6)
  A hippogriff (D:7)
  Edmund (D:6)
  Duvessa (D:5)
  A sky beast (D:6)
  3 ogres
  A phantom (D:7)
  2 centaurs
  A big kobold (D:7)
  2 bullfrogs
  Dowan (D:5)
  A scorpion (D:8)
  5 killer bees (D:7)
  3 wights (D:7)
  A crimson imp (D:9)
  A centaur zombie (D:9)
  A hound (D:8)
  7 orc wizards
  5 orc priests
  2 iguanas
  Ijyb (D:5)
  Natasha (D:3)
  3 worker ants
  4 gnolls (D:8)
  7 adders
  2 worms
  3 leopard geckos
  20 orcs
  2 giant cockroaches
  5 hobgoblins
  10 jackals
  13 kobolds
  3 quokkas
  A ball python zombie (D:5)
  4 bats (D:3)
  4 frilled lizards
  4 goblins
  2 leopard gecko skeletons
  A quokka zombie (D:5)
  2 rats (D:1)
134 creatures vanquished.

Vanquished Creatures (others)
  2 spectral weapons
2 creatures vanquished.

Grand Total: 136 creatures vanquished

Notes
Turn   | Place    | Note
-------+----------+-------------------------------------------
     0 | D:1      | tidbits the Gnoll Skald began the quest for the Orb.
     0 | D:1      | Reached XP level 1. HP: 20/20 MP: 6/6
     3 | D:1      | Noticed an electric eel
     3 | D:1      | Noticed an electric eel
   149 | D:2      | Reached XP level 2. HP: 23/26 MP: 0/7
   167 | D:2      | Learned a level 2 spell: Song of Slaying
   170 | D:2      | Learned a level 2 spell: Shroud of Golubria
   267 | D:1      | Reached XP level 3. HP: 14/31 MP: 1/9
   290 | D:1      | Reached skill level 5 in Spellcasting
   298 | D:1      | Learned a level 3 spell: Regeneration
   302 | D:1      | Learned a level 3 spell: Spectral Weapon
   357 | D:3      | Reached skill level 1 in Short Blades
   357 | D:3      | Reached skill level 1 in Long Blades
   357 | D:3      | Reached skill level 1 in Maces & Flails
   357 | D:3      | Reached skill level 1 in Polearms
   357 | D:3      | Reached skill level 1 in Staves
   357 | D:3      | Reached skill level 1 in Slings
   357 | D:3      | Reached skill level 1 in Bows
   357 | D:3      | Reached skill level 1 in Crossbows
   357 | D:3      | Reached skill level 1 in Throwing
   357 | D:3      | Reached skill level 1 in Stealth
   357 | D:3      | Reached skill level 1 in Shields
   357 | D:3      | Reached skill level 1 in Unarmed Combat
   357 | D:3      | Reached skill level 1 in Invocations
   357 | D:3      | Reached skill level 1 in Evocations
   357 | D:3      | Reached XP level 4. HP: 23/38 MP: 2/11
   440 | D:3      | Reached skill level 1 in Conjurations
   440 | D:3      | Reached skill level 1 in Hexes
   440 | D:3      | Reached skill level 1 in Summonings
   440 | D:3      | Reached skill level 1 in Necromancy
   440 | D:3      | Reached skill level 1 in Translocations
   440 | D:3      | Reached skill level 1 in Transmutations
   440 | D:3      | Reached skill level 1 in Fire Magic
   440 | D:3      | Reached skill level 1 in Ice Magic
   440 | D:3      | Reached skill level 1 in Air Magic
   440 | D:3      | Reached skill level 1 in Earth Magic
   440 | D:3      | Reached skill level 1 in Poison Magic
   443 | D:3      | Reached XP level 5. HP: 26/43 MP: 1/12
   558 | D:4      | Reached skill level 3 in Armour
   581 | D:4      | Reached XP level 6. HP: 7/50 MP: 7/13
   602 | D:4      | Reached skill level 2 in Invocations
   712 | D:3      | Noticed Natasha
   719 | D:3      | Killed Natasha
   830 | D:4      | Got a flickering copper ring
   832 | D:4      | Identified the ring "Hiq Eck" {rF+ SInv} (You found it on level 4 of the Dungeon)
   877 | D:4      | HP: 5/50 [ogre/giant club (15)]
   878 | D:4      | Reached skill level 5 in Fighting
   878 | D:4      | Reached skill level 2 in Short Blades
   878 | D:4      | Reached skill level 2 in Long Blades
   878 | D:4      | Reached skill level 5 in Axes
   878 | D:4      | Reached skill level 2 in Maces & Flails
   878 | D:4      | Reached skill level 2 in Polearms
   878 | D:4      | Reached skill level 2 in Staves
   878 | D:4      | Reached skill level 2 in Slings
   878 | D:4      | Reached skill level 2 in Bows
   878 | D:4      | Reached skill level 2 in Crossbows
   878 | D:4      | Reached skill level 2 in Throwing
   878 | D:4      | Reached skill level 5 in Dodging
   878 | D:4      | Reached skill level 2 in Stealth
   878 | D:4      | Reached skill level 2 in Shields
   878 | D:4      | Reached skill level 2 in Unarmed Combat
   878 | D:4      | Reached skill level 2 in Evocations
   901 | D:5      | Entered Level 5 of the Dungeon
  1060 | D:5      | Reached XP level 7. HP: 56/56 MP: 7/15
  1085 | D:5      | Reached skill level 2 in Conjurations
  1085 | D:5      | Reached skill level 2 in Hexes
  1085 | D:5      | Reached skill level 2 in Summonings
  1085 | D:5      | Reached skill level 2 in Necromancy
  1085 | D:5      | Reached skill level 2 in Translocations
  1085 | D:5      | Reached skill level 2 in Transmutations
  1085 | D:5      | Reached skill level 2 in Fire Magic
  1085 | D:5      | Reached skill level 2 in Ice Magic
  1085 | D:5      | Reached skill level 2 in Air Magic
  1085 | D:5      | Reached skill level 2 in Earth Magic
  1085 | D:5      | Reached skill level 2 in Poison Magic
  1140 | D:5      | Noticed Duvessa
  1141 | D:5      | Noticed Dowan
  1150 | D:5      | Killed Duvessa
  1154 | D:5      | Killed Dowan
  1209 | D:5      | Reached skill level 3 in Invocations
  1371 | D:6      | Noticed Edmund
  1378 | D:6      | Killed Edmund
  1378 | D:6      | Reached skill level 6 in Charms
  1378 | D:6      | Reached XP level 8. HP: 63/63 MP: 10/16
  1386 | D:6      | Reached skill level 4 in Armour
  1430 | D:5      | Noticed Ijyb
  1445 | D:5      | Killed Ijyb
  1445 | D:5      | Reached skill level 3 in Short Blades
  1445 | D:5      | Reached skill level 3 in Long Blades
  1445 | D:5      | Reached skill level 3 in Maces & Flails
  1445 | D:5      | Reached skill level 3 in Polearms
  1445 | D:5      | Reached skill level 3 in Staves
  1445 | D:5      | Reached skill level 3 in Slings
  1445 | D:5      | Reached skill level 3 in Bows
  1445 | D:5      | Reached skill level 3 in Crossbows
  1445 | D:5      | Reached skill level 3 in Throwing
  1445 | D:5      | Reached skill level 3 in Stealth
  1445 | D:5      | Reached skill level 3 in Shields
  1445 | D:5      | Reached skill level 3 in Unarmed Combat
  1445 | D:5      | Reached skill level 3 in Evocations
  1530 | D:6      | Noticed a deep elf mage
  1534 | D:6      | Killed a deep elf mage
  1534 | D:6      | Reached skill level 6 in Spellcasting
  1579 | D:6      | Reached skill level 4 in Invocations
  1581 | D:6      | Reached skill level 3 in Conjurations
  1581 | D:6      | Reached skill level 3 in Hexes
  1581 | D:6      | Reached skill level 3 in Summonings
  1581 | D:6      | Reached skill level 3 in Necromancy
  1581 | D:6      | Reached skill level 3 in Translocations
  1581 | D:6      | Reached skill level 3 in Transmutations
  1581 | D:6      | Reached skill level 3 in Fire Magic
  1581 | D:6      | Reached skill level 3 in Ice Magic
  1581 | D:6      | Reached skill level 3 in Air Magic
  1581 | D:6      | Reached skill level 3 in Earth Magic
  1581 | D:6      | Reached skill level 3 in Poison Magic
  1678 | D:7      | Reached skill level 6 in Fighting
  1678 | D:7      | Reached skill level 6 in Axes
  1678 | D:7      | Reached skill level 6 in Dodging
  1678 | D:7      | Reached XP level 9. HP: 69/69 MP: 15/18
  1814 | D:7      | Reached skill level 4 in Short Blades
  1814 | D:7      | Reached skill level 4 in Long Blades
  1814 | D:7      | Reached skill level 4 in Maces & Flails
  1814 | D:7      | Reached skill level 4 in Polearms
  1814 | D:7      | Reached skill level 4 in Staves
  1814 | D:7      | Reached skill level 4 in Slings
  1814 | D:7      | Reached skill level 4 in Bows
  1814 | D:7      | Reached skill level 4 in Crossbows
  1814 | D:7      | Reached skill level 4 in Throwing
  1814 | D:7      | Reached skill level 4 in Stealth
  1814 | D:7      | Reached skill level 4 in Shields
  1814 | D:7      | Reached skill level 4 in Unarmed Combat
  1814 | D:7      | Reached skill level 4 in Evocations
  1878 | D:7      | Reached skill level 5 in Armour
  1984 | D:7      | Found a staircase to the Ecumenical Temple.
  1993 | Temple   | Entered the Ecumenical Temple
  2021 | Temple   | Became a worshipper of Cheibriados the Contemplative
  2199 | D:8      | Learned a level 4 spell: Animate Dead
  2205 | D:8      | Learned a level 5 spell: Borgnjor's Vile Clutch
  2215 | D:8      | Noticed Lathuz's ghost (novice GrFi)
  2228 | D:8      | Killed Lathuz's ghost
  2228 | D:8      | Reached skill level 5 in Invocations
  2253 | D:9      | Found a hide-covered altar of Uskayaw.
  2266 | D:9      | Reached XP level 10. HP: 15/77 MP: 15/20
  2271 | D:9      | Reached skill level 7 in Spellcasting
  2305 | D:10     | Entered Level 10 of the Dungeon
  2305 | D:10     | Noticed a two-headed ogre
  2305 | D:10     | Noticed a cyclops
  2310 | D:10     | Noticed a deep elf knight
  2332 | D:8      | Noticed a skeletal warrior
  2335 | D:8      | Found a staircase to the Lair.
  2335 | D:8      | Noticed a skeletal warrior
  2337 | D:8      | Noticed a skeletal warrior
  2339 | D:8      | Noticed a skeletal warrior
  2341 | D:8      | HP: 5/77 [skeletal warrior/battleaxe[a skeletal warrior] (19)]
  2341 | D:8      | Slain by a skeletal warrior

Skill      XL: |  1  2  3  4  5  6  7  8  9 10 |
---------------+-------------------------------+-----
Spellcasting   | 5 6 7 |  7.0
Short Blades   | 1 2 3 4 |  4.7
Long Blades    | 1 2 3 4 |  4.7
Maces & Flails | 1 2 3 4 |  4.7
Polearms       | 1 2 3 4 |  4.7
Staves         | 1 2 3 4 |  4.7
Slings         | 1 2 3 4 |  4.7
Bows           | 1 2 3 4 |  4.7
Crossbows      | 1 2 3 4 |  4.7
Throwing       | 1 2 3 4 |  4.7
Stealth        | 1 2 3 4 |  4.7
Shields        | 1 2 3 4 |  4.7
Unarmed Combat | 1 2 3 4 |  4.7
Invocations    | 1 2 3 4 5 |  5.2
Evocations     | 1 2 3 4 |  4.7
Conjurations   | 1 2 3 |  3.9
Hexes          | 1 2 3 |  3.9
Summonings     | 1 2 3 |  3.9
Necromancy     | 1 2 3 |  3.9
Translocations | 1 2 3 |  3.9
Transmutations | 1 2 3 |  3.9
Fire Magic     | 1 2 3 |  3.9
Ice Magic      | 1 2 3 |  3.9
Air Magic      | 1 2 3 |  3.9
Earth Magic    | 1 2 3 |  3.9
Poison Magic   | 1 2 3 |  3.9
Armour         | 3 4 5 |  5.4
Fighting       | 5 6 |  6.6
Axes           | 5 6 |  6.6
Dodging        | 5 6 |  6.6
Charms         | 6 |  6.8

Action                   |  1- 3 |  4- 6 |  7- 9 | 10-12 || total
-------------------------+-------+-------+-------+-------++-------
Melee: Hand axe          |    42 |    11 |       |       ||    53
       Bite              |     2 |     6 |    15 |       ||    23
       Dagger            |       |   104 |    58 |       ||   162
       Punch             |       |     1 |     2 |       ||     3
       War axe           |       |     6 |   102 |       ||   108
       Battleaxe         |       |       |    35 |     7 ||    42
 Fire: Blowgun           |       |       |     1 |       ||     1
Throw: Stone             |       |       |     1 |       ||     1
 Cast: Infusion          |     5 |       |       |       ||     5
       Spectral Weapon   |     1 |     8 |    22 |     1 ||    32
       Shroud of Golubri |     1 |     9 |    12 |     1 ||    23
       Regeneration      |       |     7 |     5 |     2 ||    14
       Song of Slaying   |       |     1 |     5 |       ||     6
Invok: Bend Time         |       |       |     1 |     1 ||     2
Evoke: Wand              |       |       |     1 |       ||     1
  Use: Scroll            |       |     4 |     6 |       ||    10
       Potion            |       |       |     3 |     2 ||     5
 Stab: Sleeping          |       |     2 |     2 |       ||     4
       Distracted        |       |     1 |       |       ||     1
  Eat: Ration            |       |     1 |     1 |     1 ||     3
       Chunk             |       |     1 |       |       ||     1
Armor: Leather armour    |    13 |    14 |       |       ||    27
       Ring mail         |       |     3 |    70 |     8 ||    81
Dodge: Dodged            |    54 |    75 |   188 |    14 ||   331

Table legend:
 A = Turns spent in this place as a percentage of turns spent in the entire game.
 B = Non-inter-level travel turns spent in this place as a percentage of non-inter-level travel turns spent in the entire game.
 C = Inter-level travel turns spent in this place as a percentage of turns spent in this place.
 D = Turns resting spent in this place as a percentage of non-inter-level travel turns spent in this place.
 E = Turns spent auto-exploring this place as a percentage of non-inter-level travel turns spent in this place.
 F = Non-inter-level travel turns spent in this place divided by the number of levels of this place that you've seen.
                   A       B       C       D       E      F
               +-------+-------+-------+-------+-------+----------------------
         Total | 100.0 | 100.0 |   0.3 |   0.0 |   0.0 | 212.2
       Dungeon |  98.4 |  98.7 |   0.0 |   0.0 |   0.0 | 230.4
        Temple |   1.6 |   1.3 |  18.9 |   0.0 |   0.0 |  30.0
               +-------+-------+-------+-------+-------+----------------------

Table legend:
 A = Kills in this place as a percentage of kills in entire the game.
 B = Kills by you in this place as a percentage of kills by you in the entire game.
 C = Kills by friends in this place as a percentage of kills by friends in the entire game.
 D = Other kills in this place as a percentage of other kills in the entire game.
 E = Experience gained in this place as a percentage of experience gained in the entire game.
 F = Experience gained in this place divided by the number of levels of this place that you have seen.
                   A       B       C       D       E      F
               +-------+-------+-------+-------+-------+----------------------
         Total | 100.0 | 100.0 |   N/A |   N/A | 100.0 | 430.5
       Dungeon | 100.0 | 100.0 |   N/A |   N/A | 100.0 | 473.6
               +-------+-------+-------+-------+-------+----------------------

Vault maps used:
D:1:      arrival_aquarium_b
D:3:      first_ration, uniq_natasha
D:4:      uniq_blork_the_orc
D:5:      uniq_duvessa, uniq_ijyb
D:6:      guppyfry_early_elven_hall, uniq_edmund
D:7:      minmay_temple_entry_glass
D:8:      lair_entry_dummy
D:9:      eat_drink_and_be_merry_uskayaw, orc_0_dummy,
          hangedman_little_slice_of_home, lemuel_another_geyser
D:10:     onia_ninara_dug_in_and_dangerous
Temple:   grunt_wide_crystal_templ
